 Dungeon Sprint DCSS version 0.22.1-2-g9c5b331383 (webtiles) character file.

17546 Nattfarinn the Imperceptible (level 12, -45/107 HPs)
             Began as a Vampire Assassin on Nov 28, 2018.
             Was the Champion of Dithmenos.
             Killed from afar by a deep elf annihilator (69 damage)
             ... with a crystal spear
             ... in the Dungeon (Sprint I: "Red Sonja").
             The game lasted 00:21:18 (5735 turns).

Nattfarinn the Imperceptible (Vampire Assassin)     Turns: 5735, Time: 00:21:20

Health: -45/107    AC:  8    Str:  9    XL:     12   Next: 19%
Magic:  8/8        EV: 24    Int:  9    God:    Dithmenos [******]
Gold:   2222       SH:  0    Dex: 17    Spells: 11/11 levels left

rFire    . . .     SeeInvis +   a - +2 dagger
rCold    + + .     Gourm    .   (no shield)
rNeg     + + +     Faith    .   s - +0 troll leather armour
rPois    ∞         Spirit   .   i - +0 helmet
rElec    .         Reflect  .   d - +0 cloak
rCorr    .         Harm     .   (no gloves)
MR       +....     NoTele   +   (no boots)
Stlth    ++++++++++             (no amulet)
HPRegen  0.00/turn              o - +3 ring of strength
MPRegen  0.11/turn              (no ring)

@: mesmerised, bloodless, non-regenerating, wreathed by umbra
A: fangs 3, see invisible, berserk 2, clumsy 2, deterioration 2, dopey 2, low mp
3, screaming 3, weak 2, unbreathing, evolution 1, no potion heal 2, subdued
magic 3
a: Bat Form, Shadow Step, Shadow Form, Renounce Religion


You were in the Dungeon.
You worshipped Dithmenos.
Dithmenos was exalted by your worship.
You were bloodless.

You visited 1 branch You collected 2806 gold pieces.
You spent 584 gold pieces at shops.

Inventory:

Hand Weapons
 a - a +2 dagger (weapon)
 b - a +0 blowgun
 n - a +0 blowgun
 p - the +11 spear of the Reaper {holy, rElec, unknown}
   (You found it in the Dungeon)

   It has been blessed by the Shining One to cause great damage to the undead
   and demons.
   It insulates you from electricity.
Missiles
 e - 20 poisoned needles
 f - 10 curare-tipped needles
Armour
 c - a +0 robe
 d - a +0 cloak (worn)
 i - a +0 helmet (worn)
 j - the -2 hat of the Alchemist {rElec rPois rF+ rC+ rN+ MR+ rMut rCorr}
   (You bought it in a shop in the Dungeon)

   It protects you from fire.
   It protects you from cold.
   It insulates you from electricity.
   It protects you from poison.
   It protects you from negative energy.
   It affects your resistance to hostile enchantments.
   It provides partial protection from all sources of acid and corrosion.
   It protects you from mutation.
 s - a +0 troll leather armour (worn)
Jewellery
 o - a +3 ring of strength (left hand)
Wands
 g - a wand of polymorph (16)
 r - a wand of disintegration (11)
 v - a wand of paralysis (12)
Scrolls
 m - a scroll of blinking
 t - a scroll of holy word {unknown}
Potions
 k - 3 potions of magic
 l - a potion of berserk rage
 u - a potion of resistance {unknown}


   Skills:
 + Level 14.3 Fighting
 - Level 11.3 Short Blades
 - Level 9.0 Throwing
 - Level 8.4 Armour
 + Level 16.5 Dodging
 - Level 21.0 Stealth


You had 11 spell levels left.
You didn't know any spells.
Your spell library was empty.

Dungeon Overview and Level Annotations

Branches:
Dungeon (1/1)

Altars:
Cheibriados
Dithmenos
Elyvilon
Fedhas
Gozag
Hepliaklqana
Kikubaaqudgha
Makhleb
Nemelex Xobeh
Okawaru
Qazlal
Ru
Sif Muna
Trog
Uskayaw
Vehumet
Wu Jian
Xom
Yredelemnul
Zin
The Shining One
Jiyva
Lugonu

Shops:
D [[*=*:?(*[=}(:}=!}[[:


Innate Abilities, Weirdness & Mutations

You do not heal naturally.
You are immune to poison.
You have razor-sharp teeth.
You have supernaturally acute eyesight. (SInv)
You can survive without breathing.
You often lose your temper in combat.
You are very clumsy. (Dex -4)
Your body often deteriorates upon taking damage.
You are very dopey. (Int -4)
Your magical capacity is extremely low. (-30% MP)
You frequently scream uncontrollably at your foes.
You are very weak. (Str -4)
You evolve.
Potions are poor at restoring your health.
Your spells are much easier to cast, but much less powerful.


Message History

The deep elf annihilator is lightly wounded.
Your shadow hits the deep elf annihilator but does no damage.
The deep elf annihilator hits you with an enchanted long sword!
* * * LOW HITPOINT WARNING * * *
You closely miss the deep elf annihilator.
The deep elf annihilator is lightly wounded.
Your shadow hits the deep elf annihilator but does no damage.
The merfolk siren chants its luring song.
You hit the deep elf annihilator but do no damage.
The deep elf annihilator is lightly wounded.
A hornet comes into view.
The hellwing completely misses you. The hellwing closely misses you.
The hornet buzzes angrily.
You hit the deep elf annihilator.
The deep elf annihilator is lightly wounded.
Your shadow hits the deep elf annihilator but does no damage.
The deep elf annihilator points at you and mumbles some strange words.
The crystal spear hits you!
Ouch! That really hurt!
You die...

##################
§§..§§.§..§§..#^.+
§####§.§§§##..'^.#
§#.###...#######'#
§#'#.###§# !)##.@#
##^..#y#.##$$$#e4#
.#..$###..###$#.m≈
.'..$$$##.#A#$#..≈.
.#^....#..###$#..≈.#
§###''##.##..$#..≈##
###..###..#+###..≈#
####.$###...# ≈ym##
#..#..#.###.#


You could see a deep elf annihilator, a hellwing, 2 merfolk sirens and a hornet.

Vanquished Creatures
  A lorocyproca (D)
  A hydra (D)
  2 centaur warriors (D)
  Sonja (D)
  7 unseen horrors (D)
  A deep troll (D)
  A lindwurm (D)
  8 shining eyes (D)
  An oklob plant (D)
  A gargoyle (D)
  2 kobold demonologists (D)
  4 demonic crawlers (D)
  A hornet (D)
  A slime creature (D)
  2 redbacks (D)
  Sigmund (D)
  13 hogs (D)
  A yak (D)
  7 floating eyes (D)
  An ogre (D)
  7 necrophages (D)
  8 jellies (D)
  Ijyb (D)
  A ballistomycete (D)
  A ballistomycete spore (D)
75 creatures vanquished.

Vanquished Creatures (others)
  A gargoyle (D)
  A ballistomycete spore (D)
2 creatures vanquished.

Grand Total: 77 creatures vanquished

Notes
Turn   | Place    | Note
-------+----------+-------------------------------------------
     0 | D        | Nattfarinn the Vampire Assassin began the quest for the
                  | Orb.
     0 | D        | Reached XP level 1. HP: 16/16 MP: 1/1
  1239 | D        | Killed a gargoyle
  2034 | D        | Noticed Ijyb
  2037 | D        | Killed Ijyb
  2037 | D        | Reached skill level 7 in Stealth
  2037 | D        | Reached XP level 2. HP: 23/23 MP: 2/2
  2040 | D        | Noticed an ogre
  2043 | D        | Killed an ogre
  2043 | D        | Reached skill level 10 in Stealth
  2043 | D        | Reached XP level 3. HP: 30/30 MP: 3/3
  2043 | D        | Reached XP level 4. HP: 37/37 MP: 4/4
  2045 | D        | Noticed Sigmund
  2048 | D        | Killed Sigmund
  2048 | D        | Reached skill level 5 in Short Blades
  2048 | D        | Reached skill level 5 in Dodging
  2048 | D        | Reached skill level 12 in Stealth
  2048 | D        | Reached XP level 5. HP: 43/43 MP: 5/5
  2060 | D        | Found a deep blue altar of Sif Muna.
  2061 | D        | Found an ornate altar of the Wu Jian Council.
  2062 | D        | Found a radiant altar of Vehumet.
  2066 | D        | Reached skill level 5 in Fighting
  2066 | D        | Reached XP level 6. HP: 51/51 MP: 6/6
  2069 | D        | Found Woofo's Jewellery Emporium.
  2069 | D        | Found an ancient bone altar of Kikubaaqudgha.
  2069 | D        | Found a hazy altar of Hepliaklqana.
  2069 | D        | Found a stormy altar of Qazlal.
  2069 | D        | Found a hide-covered altar of Uskayaw.
  2069 | D        | Found a blossoming altar of Fedhas.
  2069 | D        | Found a bloodstained altar of Trog.
  2069 | D        | Found an iron altar of Okawaru.
  2069 | D        | Found a basalt altar of Yredelemnul.
  2069 | D        | Found a glowing golden altar of the Shining One.
  2069 | D        | Found a snail-covered altar of Cheibriados.
  2069 | D        | Found a sacrificial altar of Ru.
  2069 | D        | Found a glowing silver altar of Zin.
  2069 | D        | Found a shadowy altar of Dithmenos.
  2069 | D        | Found a white marble altar of Elyvilon.
  2069 | D        | Noticed a yak
  2070 | D        | Found an opulent altar of Gozag.
  2071 | D        | Killed a yak
  2071 | D        | Reached skill level 5 in Throwing
  2071 | D        | Reached skill level 13 in Stealth
  2087 | D        | Found a sparkling altar of Nemelex Xobeh.
  2095 | D        | Became a worshipper of Dithmenos the Shadowed
  2111 | D        | Found a viscous altar of Jiyva.
  2111 | D        | Found a corrupted altar of Lugonu.
  2111 | D        | Noticed a slime creature
  2112 | D        | Found a burning altar of Makhleb.
  2112 | D        | Found a shimmering altar of Xom.
  2114 | D        | Killed a slime creature
  2114 | D        | Reached skill level 14 in Stealth
  2114 | D        | Reached XP level 7. HP: 58/58 MP: 7/7
  2124 | D        | Noticed Sonja
  2128 | D        | Killed Sonja
  2128 | D        | Reached skill level 16 in Stealth
  2128 | D        | Reached XP level 8. HP: 67/67 MP: 8/8
  2143 | D        | Noticed a deep troll
  2147 | D        | Killed a deep troll
  2147 | D        | Reached * piety under Dithmenos
  2147 | D        | Reached skill level 17 in Stealth
  2173 | D        | Found Xoed's Armour Emporium.
  2176 | D        | Got a warped spear
  2586 | D        | Found Aryal's Armour Boutique.
  2595 | D        | Noticed a shining eye
  2595 | D        | Noticed a shining eye
  2595 | D        | Noticed a shining eye
  2649 | D        | Noticed a centaur warrior
  2651 | D        | Noticed a centaur warrior
  2655 | D        | Killed a centaur warrior
  2655 | D        | Reached skill level 18 in Stealth
  2655 | D        | Reached XP level 9. HP: 74/74 MP: 6/9
  2656 | D        | Killed a centaur warrior
  2656 | D        | Reached skill level 10 in Short Blades
  2656 | D        | Reached skill level 10 in Dodging
  2656 | D        | Reached skill level 19 in Stealth
  2673 | D        | Reached ** piety under Dithmenos
  2683 | D        | Noticed an oklob plant
  2685 | D        | Killed an oklob plant
  2696 | D        | Reached XP level 10. HP: 83/83 MP: 10/10
  2701 | D        | Reached *** piety under Dithmenos
  2708 | D        | Reached skill level 20 in Stealth
  2711 | D        | Reached **** piety under Dithmenos
  2718 | D        | Noticed an unseen horror
  2718 | D        | Noticed an unseen horror
  2752 | D        | Reached ***** piety under Dithmenos
  2878 | D        | Killed an unseen horror
  2880 | D        | Killed an unseen horror
  2888 | D        | Reached skill level 21 in Stealth
  2908 | D        | Reached skill level 1 in Armour
  2955 | D        | Found Xyafywne's Antique Weapon Shoppe.
  2955 | D        | Found Bevvak's Magic Scroll Shop.
  2955 | D        | Found Lageuzat's Assorted Antiques.
  2957 | D        | Found Gail's Antique Armour Emporium.
  2957 | D        | Found Siluukal's Jewellery Shop.
  2957 | D        | Found Farul's Gadget Shoppe.
  2957 | D        | Found Funoddel's Antique Weapon Boutique.
  2957 | D        | Found Raanisel's Book Emporium.
  2957 | D        | Found Atazoxyach's Gadget Shop.
  2957 | D        | Found Dutruimn's Jewellery Shoppe.
  2961 | D        | Found Niog Xuwkot's Distillery.
  2962 | D        | Found Nuetoul's Armour Emporium.
  2962 | D        | Found Lumn's Gadget Boutique.
  2963 | D        | Found Plog's Book Emporium.
  3058 | D        | Reached ****** piety under Dithmenos
  3058 | D        | Reached skill level 5 in Armour
  3074 | D        | Noticed a gargoyle
  3082 | D        | Noticed a lindwurm
  3085 | D        | Killed a lindwurm
  3085 | D        | Reached XP level 11. HP: 90/90 MP: 11/11
  3119 | D        | Reached skill level 10 in Fighting
  3653 | D        | Noticed a daeva
  4650 | D        | Noticed a 12-headed hydra
  4652 | D        | Killed a 12-headed hydra
  4672 | D        | Noticed an unseen horror
  4672 | D        | Noticed an unseen horror
  4672 | D        | Noticed an unseen horror
  4673 | D        | Noticed an unseen horror
  4718 | D        | Killed an unseen horror
  4740 | D        | HP: 4/95 [unseen horror (2)]
  4745 | D        | Killed an unseen horror
  4770 | D        | Killed an unseen horror
  4795 | D        | Noticed an unseen horror
  4798 | D        | Killed an unseen horror
  4976 | D        | Killed an unseen horror
  5189 | D        | Noticed a lorocyproca
  5194 | D        | Killed a lorocyproca
  5194 | D        | Reached skill level 15 in Dodging
  5389 | D        | Noticed a shining eye
  5389 | D        | Noticed a shining eye
  5389 | D        | Noticed a shining eye
  5390 | D        | Gained mutation: You tend to lose your temper in combat. [a
                  | shining eye]
  5392 | D        | Noticed a shining eye
  5392 | D        | Noticed a shining eye
  5393 | D        | Killed a shining eye
  5394 | D        | Paralysed by a floating eye for 2 turns
  5395 | D        | Gained mutation: Your magical capacity is low. (-10% MP) [a
                  | shining eye]
  5397 | D        | Paralysed by a floating eye for 3 turns
  5401 | D        | Killed a shining eye
  5403 | D        | Gained mutation: You are clumsy. (Dex -2) [a shining eye]
  5404 | D        | Killed a shining eye
  5404 | D        | Reached XP level 12. HP: 34/105 MP: 10/10
  5405 | D        | Gained mutation: You are very clumsy. (Dex -4) [a shining
                  | eye]
  5408 | D        | Gained mutation: Potions are less effective at restoring
                  | your health. [a shining eye]
  5410 | D        | Gained mutation: You are dopey. (Int -2) [a shining eye]
  5411 | D        | Paralysed by a floating eye for 3 turns
  5412 | D        | Gained mutation: You are weak. (Str -2) [a shining eye]
  5420 | D        | Gained mutation: You occasionally shout uncontrollably at
                  | your foes. [a shining eye]
  5426 | D        | Gained mutation: You often lose your temper in combat. [a
                  | shining eye]
  5429 | D        | Gained mutation: Your spells are a little easier to cast,
                  | but a little less powerful. [a shining eye]
  5434 | D        | Gained mutation: Potions are poor at restoring your health.
                  | [a shining eye]
  5436 | D        | Gained mutation: Your spells are easier to cast, but less
                  | powerful. [a shining eye]
  5443 | D        | Gained mutation: Your magical capacity is very low. (-20%
                  | MP) [a shining eye]
  5457 | D        | Paralysed by a floating eye for 4 turns
  5459 | D        | Gained mutation: Your spells are much easier to cast, but
                  | much less powerful. [a shining eye]
  5460 | D        | Gained mutation: You sometimes yell uncontrollably at your
                  | foes. [a shining eye]
  5461 | D        | Gained mutation: Your magical capacity is extremely low.
                  | (-30% MP) [a shining eye]
  5464 | D        | Gained mutation: You have an uncontrollable temper. [a
                  | shining eye]
  5469 | D        | Gained mutation: You are very weak. (Str -4) [a shining
                  | eye]
  5473 | D        | Gained mutation: You are very dopey. (Int -4) [a shining
                  | eye]
  5476 | D        | Gained mutation: You are frail. (-10% HP) [a shining eye]
  5479 | D        | Gained mutation: You are very frail. (-20% HP) [a shining
                  | eye]
  5482 | D        | Gained mutation: You are extremely frail. (-30% HP) [a
                  | shining eye]
  5485 | D        | Lost mutation: You are very clumsy. (Dex -4) [a shining
                  | eye]
  5488 | D        | Gained mutation: You are very clumsy. (Dex -4) [a shining
                  | eye]
  5491 | D        | Gained mutation: Your body sometimes deteriorates upon
                  | taking damage. [a shining eye]
  5494 | D        | Lost mutation: You are extremely frail. (-30% HP) [a
                  | shining eye]
  5497 | D        | Gained mutation: Your body often deteriorates upon taking
                  | damage. [a shining eye]
  5499 | D        | Gained mutation: You are extremely frail. (-30% HP) [a
                  | shining eye]
  5517 | D        | Gained mutation: Armour fits poorly on your strangely
                  | shaped body. [a shining eye]
  5541 | D        | Gained mutation: You frequently scream uncontrollably at
                  | your foes. [a shining eye]
  5559 | D        | Found Tighylu's Antique Armour Shoppe.
  5559 | D        | Found Yvytezubb's Assorted Antiques.
  5559 | D        | Found Kucuboug's General Store.
  5559 | D        | Found Yraskiq's Book Boutique.
  5637 | D        | Bought a potion of mutation for 112 gold pieces
  5638 | D        | Bought the -2 hat of the Alchemist {rElec rPois rF+ rC+ rN+
                  | MR+ rMut rCorr} for 472 gold pieces
  5638 | D        | Found the -2 hat of the Alchemist {rElec rPois rF+ rC+ rN+
                  | MR+ rMut rCorr}
  5652 | D        | Lost mutation: You are extremely frail. (-30% HP) [potion
                  | of mutation]
  5652 | D        | Lost mutation: You are very frail. (-20% HP) [potion of
                  | mutation]
  5652 | D        | Lost mutation: Armour fits poorly on your strangely shaped
                  | body. [potion of mutation]
  5652 | D        | Lost mutation: You are frail. (-10% HP) [potion of
                  | mutation]
  5652 | D        | Lost mutation: You have an uncontrollable temper. [potion
                  | of mutation]
  5652 | D        | Gained mutation: You evolve. [potion of mutation]
  5728 | D        | Noticed a deep elf annihilator
  5735 | D        | Killed from afar by a deep elf annihilator

Skill      XL: |  1  2  3  4  5  6  7  8  9 10 11 12 |
---------------+-------------------------------------+-----
Fighting       | 2 3 4 5 6 7 8 9 13 14 | 14.3
Short Blades   | 3 4 5 7 8 9 10 11 | 11.3
Throwing       | 2 3 4 5 6 7 8 9 |  9.0
Dodging        | 2 4 5 7 8 9 10 11 15 16 | 16.5
Stealth        | 7 10 12 14 16 18 19 21 | 21.0
Armour         | 8 |  8.4

Action                   |  1- 3 |  4- 6 |  7- 9 | 10-12 || total
-------------------------+-------+-------+-------+-------++-------
Melee: Dagger            |     2 |     4 |    20 |   524 ||   550
       Bite              |       |       |     2 |    94 ||    96
 Abil: End Transformatio |       |       |     1 |       ||     1
       Bat Form          |       |       |     1 |       ||     1
  Use: Potion            |       |       |     1 |     9 ||    10
 Stab: Sleeping          |     2 |     4 |     9 |    30 ||    45
  Eat: Corpse            |       |       |       |     1 ||     1
Armor: Troll leather arm |       |       |       |    27 ||    27
Dodge: Dodged            |       |       |       |   328 ||   328
